 Dungeon Crawl Stone Soup version 0.30-a0-4-ga7cffc901d (webtiles) character file.

Game seed: 1656035270280336412

70 Setbun the Cutter (level 4, 0/26 HPs)
             Began as a Kobold Brigand on Aug 21, 2022.
             Slain by a goblin
             ... wielding a +0 club
             ... led by Robin
              (6 damage)
             ... on level 2 of the Dungeon.
             The game lasted 00:00:56 (1243 turns).

Setbun the Cutter (Kobold Brigand)                  Turns: 1243, Time: 00:00:56

Health: 0/26       AC:  3    Str:  8    XL:     4   Next: 45%
Magic:  4/4        EV: 14    Int: 12    God:
Gold:   69         SH:  0    Dex: 18    Spells: 3/3 levels left

rFire   . . .      SeeInvis .    a - +2 dagger
rCold   . . .      Faith    .    (no shield)
rNeg    . . .      Spirit   .    b - +0 robe
rPois   .          Reflect  .    (no helmet)
rElec   .          Harm     .    c - +0 cloak
rCorr   .          Rampage  .    (no gloves)
Will    .....                    (no boots)
Stlth   ++++......               (no amulet)
HPRegen 0.08/turn                (no ring)
MPRegen 0.09/turn                (no ring)

@: no status effects
A: small, no large weapons, nightstalker 3
a: no special abilities


You were on level 2 of the Dungeon.
You visited 1 branch of the dungeon, and saw 2 of its levels.

You collected 69 gold pieces.

Inventory:

Hand Weapons
 a - a +2 dagger (weapon)
Missiles
 d - 9 poisoned darts (quivered)
 e - 3 curare-tipped darts
Armour
 b - a +0 robe (worn)
 c - a +0 cloak (worn)
Jewellery
 i - a +4 ring of evasion
Scrolls
 f - a scroll of poison {unknown}
 k - a scroll of vulnerability {unknown}
 n - a scroll of magic mapping {unknown}
Potions
 g - a potion of cancellation {unknown}
 h - 2 potions of heal wounds {unknown}
 j - a potion of brilliance {unknown}
 l - a potion of mutation {unknown}
 m - 2 potions of degeneration {unknown}


   Skills:
 - Level 2.1 Fighting
 * Level 5.8 Short Blades
 - Level 2.1 Throwing
 - Level 1.2 Dodging
 - Level 5.3 Stealth


You had 3 spell levels left.
You didn't know any spells.
Your spell library was empty.

Dungeon Overview and Level Annotations

Branches:
Dungeon (2/15)

Altars:

Annotations:
D:2 Robin


Innate Abilities, Weirdness & Mutations

You are small and have problems with some larger weapons.
You are completely attuned to the shadows.


Message History

You hit the goblin.
You kill the goblin!
Robin throws the goblin at you! The goblin closely misses you.
The goblin barely misses you. The goblin hits you but does no damage.
Things that are here:
a +0 dagger; a +0 dagger You hit the goblin.
The goblin is severely wounded.
The goblin closely misses you. The goblin barely misses you.
The goblin hits you with a +0 club.
You hit the goblin.
You kill the goblin!
The goblin hits you but does no damage. The goblin hits you with a +0 club.
The goblin attacks as you move away! The goblin barely misses you.
The goblin attacks as you move away! The goblin hits you with a +0 club.
Robin says, "A pitiful Kobold like you will never find the ORB!"
Robin roars a battlecry!
The goblins go into a battle-frenzy!
You hear a shout! x2
Things that are here:
a +0 club; a +0 sling You hit the goblin.
The goblin is moderately wounded.
You hear a shout!
The goblin hits you with a +0 club. Robin throws the goblin at you!
You hit the goblin.
You kill the goblin!
You hit the goblin.
You kill the goblin!
Robin throws the goblin at you!
* * * LOW HITPOINT WARNING * * *
The goblin barely misses you.
You hit the goblin.
The goblin is heavily wounded.
The goblin barely misses you. The goblin hits you with a +0 club.
* * * LOW HITPOINT WARNING * * *
You hit the goblin but do no damage.
The goblin is heavily wounded.
The goblin closely misses you. The goblin hits you with a +0 club.
You die...

##.# #..# ........g
#.####. .......g.
..##... #........
.....# #.......g
...### #.......
....##.... #gg#####
.........## #g##
..........# #@#
#.........##.# #g#
...........#.###.##
##.....##....##...##
##..#...#...........#
#..##.#.............#
)..##.####..........#
#..##.# #..........#
....#.####..........


You could see Robin, a hobgoblin (strong) and 2 goblins.

Vanquished Creatures
  Jessica (D:2)
  A worm (D:2)
  2 ball pythons (D:1)
  A bat (D:1)
  6 endoplasms
  2 giant cockroaches
  6 goblins
  3 hobgoblins
  3 jackals (D:2)
  4 kobolds
  3 frilled lizards (D:1)
  3 rats
35 creatures vanquished.

Notes
Turn   | Place    | Note
-------+----------+-------------------------------------------
     0 | D:1      | Setbun the Kobold Brigand began the quest for the Orb.
     0 | D:1      | Reached XP level 1. HP: 12/12 MP: 1/1
   243 | D:1      | Reached XP level 2. HP: 17/17 MP: 2/2
   782 | D:2      | Reached XP level 3. HP: 21/21 MP: 3/3
   835 | D:2      | Noticed Jessica
   839 | D:2      | Killed Jessica
   840 | D:2      | Reached skill level 5 in Short Blades
   840 | D:2      | Reached XP level 4. HP: 26/26 MP: 4/4
  1226 | D:2      | Noticed Robin
  1243 | D:2      | Slain by a goblin

Illustrated notes

Levels and vault maps discovered:
D:1:      lemuel_arrival_river_ford, layout_rooms, nicolae_hexahallways,
          moated_statue
D:2:      layout_rooms, serial_shops, shop, uniq_robin, uniq_jessica

Skill      XL: |  1  2  3 |
---------------+----------+-----
Short Blades   | 3 4 5 |  5.8
Fighting       | |  2.1
Throwing       | |  2.1
Dodging        | |  1.2
Stealth        | |  5.3

Action                   |  1- 3 |  4- 6 || total
-------------------------+-------+-------++-------
Melee: Dagger            |    36 |    54 ||    90
       Punch             |     1 |       ||     1
 Stab: Sleeping          |    18 |     2 ||    20
Armor: Robe              |     2 |    11 ||    13
Dodge: Dodged            |    11 |    35 ||    46

Table legend: (Time is in decaauts)
 A = Elapsed time spent in this place.
 B = Non-inter-level travel time spent in this place.
 C = Inter-level travel time spent in this place.
 D = Time resting spent in this place.
 E = Time spent auto-exploring this place.
 F = Levels seen in this place.
 G = Mean time per level.
                   A        B        C        D        E       F      G
               +--------+--------+--------+--------+--------+-----+--------+
         Total |   1227 |   1217 |     10 |      0 |   1029 |   2 |  613.5 |
       Dungeon |   1227 |   1217 |     10 |      0 |   1029 |   2 |  613.5 |
               +--------+--------+--------+--------+--------+-----+--------+

Top non-repeatable levels by time:
     D:1: 778 daAuts
     D:2: 449 daAuts
